 Dungeon Crawl Stone Soup version 0.28-a0-479-g5baa6b73be (webtiles) character file.

Game seed: 14956357473099892862

114 quinnr the Gusty (level 4, -1/25 HPs)
             Began as a Tengu Air Elementalist on Sept 17, 2021.
             Slain by a gnoll (5 damage)
             ... on level 2 of the Dungeon.
             The game lasted 00:04:26 (3324 turns).

quinnr the Gusty (Tengu Air Elementalist)           Turns: 3324, Time: 00:04:27

Health: -1/25      AC:  2    Str:  8    XL:     4   Next: 97%
Magic:  3/9        EV: 13    Int: 17    God:
Gold:   72         SH:  0    Dex: 14    Spells: 4/9 levels left

rFire   . . .      SeeInvis .   (no weapon)
rCold   . . .      Faith    .   (no shield)
rNeg    . . .      Spirit   .   a - +0 robe
rPois   .          Reflect  .   (helmet restricted)
rElec   .          Harm     .   (no cloak)
rCorr   .          Rampage  .   (no gloves)
Will    .....                   (boots unavailable)
Stlth   ++........              (no amulet)
HPRegen 0.08/turn               (no ring)
MPRegen 0.11/turn               (no ring)

@: no status effects
A: beak, talons 3
a: no special abilities


You were on level 2 of the Dungeon.
You visited 1 branch of the dungeon, and saw 2 of its levels.

You collected 72 gold pieces.

Inventory:

Armour
 a - a +0 robe (worn)
Scrolls
 e - a scroll of vulnerability {unknown}
 f - a scroll of noise {unknown}
 g - a scroll of teleportation {unknown}
 h - a scroll of blinking {unknown}
Potions
 b - a potion of cancellation {unknown}
 c - a potion of curing {unknown}
 d - a potion of flight {unknown}
 i - a potion of haste {unknown}
 j - a potion of mutation {unknown}


   Skills:
 - Level 1.0 Fighting
 - Level 3.0 Dodging
 - Level 2.0 Stealth
 - Level 3.0 Spellcasting
 - Level 2.0 Conjurations
 + Level 5.5 Air Magic


You had 4 spell levels left.
You knew the following spells:

 Your Spells              Type           Power      Damage    Failure   Level
a - Shock                 Conj/Air       60%        1d6       3%          1
b - Airstrike             Air            10%        N/A       19%         4

Your spell library contained the following spells:

 Spells                   Type           Power      Damage    Failure   Level
 Static Discharge         Conj/Air       15%        N/A       5%          2
 Swiftness                Air            21%        N/A       5%          3
 Conjure Flame            Conj/Fire      5%         6-21      34%         3
 Ignite Poison            Fire/Tmut/Pois 2%         N/A       45%         3
 Sticky Flame             Conj/Fire      5%         2d3       75%         4


Dungeon Overview and Level Annotations

Branches:
Dungeon (2/15)

Altars:

Shops:
D:2 (


Innate Abilities, Weirdness & Mutations

You have a beak for a mouth.
You have claws for feet.


Message History

The gnoll is moderately wounded.
The zap hits the gnoll.
The gnoll is lightly wounded.
Your magical contamination has completely faded away.
The zap hits the gnoll.
The gnoll is lightly wounded.
The zap hits the gnoll.
The gnoll is severely wounded.
The zap hits the gnoll but does no damage.
The gnoll is lightly wounded.
The zap hits the gnoll.
You kill the gnoll!
The zap hits the gnoll.
The gnoll is lightly wounded.
The zap hits the gnoll.
The gnoll is heavily wounded.
The zap hits the gnoll.
The gnoll is heavily wounded.
The gnoll misses you.
The zap hits the gnoll.
The gnoll is heavily wounded.
The zap hits the gnoll.
You kill the gnoll!
The gnoll hits you from afar with a +0 spear!
The zap hits the gnoll.
The gnoll is severely wounded.
The gnoll hits you from afar with a +0 spear.
You are too injured to fight recklessly!
You are too injured to fight recklessly!
The gnoll hits you from afar with a +0 spear!
* * * LOW HITPOINT WARNING * * *
Casting: Shock (safe; 3% risk of failure)
Confirm with . or Enter, or press ? or * to list all spells.
Aiming: Shock (safe; 3% risk of failure)
Press: ? - help, Shift-Dir - straight line, f/p - gnoll
Aim: a gnoll, wielding a +0 spear (severely wounded, 75% to hit)
The zap hits the gnoll.
The gnoll is almost dead.
The gnoll hits you from afar with a +0 spear.
You die...

.#....##..... ...
.....<...####### #.######
........>))....### #......#
..######..####...#####......#
.....####.######............#
####...........#######......#
#.....#####.##.## #......#
..###.# #.##..######g.....#
.## #.# #...#.@.g.#.......#
## #.# ###.#####.........#
#.## ##.# ##...######
#..#####..######.#..#
##.........##....#..#
####..#'#....####..#
#########.##.##..## #..#
..........#...#...####..#
######..####)####.......#


You could see a gnoll.

Vanquished Creatures
  7 gnolls
  An adder (D:2)
  2 bats
  An endoplasm (D:1)
  11 goblins
  4 hobgoblins (D:2)
  5 kobolds
  2 ball pythons (D:2)
  3 frilled lizards (D:1)
  4 rats
40 creatures vanquished.

Notes
Turn   | Place    | Note
-------+----------+-------------------------------------------
     0 | D:1      | quinnr the Tengu Air Elementalist began the quest for the
                  | Orb.
     0 | D:1      | Reached XP level 1. HP: 10/10 MP: 4/4
   222 | D:1      | Found a faded altar of an unknown god.
   364 | D:1      | Reached XP level 2. HP: 15/15 MP: 3/6
  1103 | D:2      | Reached XP level 3. HP: 19/19 MP: 2/7
  2197 | D:1      | Reached XP level 4. HP: 9/24 MP: 4/9
  2429 | D:1      | Reached skill level 1 in Fighting
  2679 | D:2      | Found Keoxty's Antique Weapon Emporium.
  2945 | D:2      | Learned a level 4 spell: Airstrike
  3206 | D:2      | Reached skill level 5 in Air Magic
  3324 | D:2      | Slain by a gnoll

Illustrated notes

Levels and vault maps discovered:
D:1:      minmay_arrival_nine_rooms, layout_basic,
          hellmonk_ecumenical_altar_zigzags
D:2:      cheibrodos_greedy_goblins, layout_rooms, serial_shops,
          nicolae_shop_statue_plus, serial_bayou_lagoon_a

Skill      XL: |  1  2  3  4 |
---------------+-------------+-----
Conjurations   | 2 |  2.0
Dodging        | 3 |  3.0
Spellcasting   | 3 |  3.0
Fighting       | 1 |  1.0
Air Magic      | 5 |  5.5
Stealth        | |  2.0

Action                   |  1- 3 |  4- 6 || total
-------------------------+-------+-------++-------
 Cast: Shock             |    60 |    32 ||    92
  Use: Scroll            |     1 |       ||     1
       Potion            |     1 |       ||     1
Armor: Robe              |     2 |     1 ||     3
Dodge: Dodged            |    21 |     9 ||    30

Table legend: (Time is in decaauts)
 A = Elapsed time spent in this place.
 B = Non-inter-level travel time spent in this place.
 C = Inter-level travel time spent in this place.
 D = Time resting spent in this place.
 E = Time spent auto-exploring this place.
 F = Levels seen in this place.
 G = Mean time per level.
                   A        B        C        D        E       F      G
               +--------+--------+--------+--------+--------+-----+--------+
         Total |   3333 |   3054 |    279 |   1071 |   1663 |   2 | 1666.5 |
       Dungeon |   3333 |   3054 |    279 |   1071 |   1663 |   2 | 1666.5 |
               +--------+--------+--------+--------+--------+-----+--------+

Top non-repeatable levels by time:
     D:1: 2486 daAuts
     D:2: 847 daAuts
